 Dungeon Crawl Stone Soup version 0.29.1-12-g30fa7ad0bf (webtiles) character file.

Game seed: 1350997933979223391

201 ThatPearl the Grave Robber (level 5, -1/39 HPs)
             Began as a Demonspawn Necromancer on Jan 2, 2023.
             Slain by a worm (2 damage)
             ... on level 3 of the Dungeon.
             The game lasted 00:17:27 (2893 turns).

ThatPearl the Grave Robber (Demonspawn Necromancer) Turns: 2893, Time: 00:17:28

Health: -1/39      AC:  2    Str: 12    XL:     5   Next: 50%
Magic:  0/9        EV: 12    Int: 18    God:
Gold:   93         SH:  0    Dex: 12    Spells: 6/10 levels left

rFire   + . .      SeeInvis .   y - +0 whip (drain)
rCold   + . .      Faith    .   (no shield)
rNeg    . . .      Spirit   .   a - +0 robe
rPois   +          Reflect  .   (no helmet)
rElec   +          Harm     .   (no cloak)
rCorr   +          Rampage  .   (no gloves)
Will    .....                   (no boots)
Stlth   ++........              (no amulet)
HPRegen 0.13/turn               (no ring)
MPRegen 0.22/turn               (no ring)

@: resistant
A: magic regeneration, strong 1
a: no special abilities


You were on level 3 of the Dungeon.
You visited 1 branch of the dungeon, and saw 3 of its levels.

You collected 93 gold pieces.

Inventory:

Hand Weapons
 b - a +0 mace of protection
 c - a +0 dagger
 e - a +0 short sword
 n - a +0 spear
 y - a +0 whip of draining (weapon)
Missiles
 g - 27 stones
 t - 2 javelins
Armour
 a - a +0 robe (worn)
Jewellery
 h - a ring of protection from fire
Scrolls
 f - a scroll of fear {unknown}
 j - a scroll of butterflies {unknown}
 k - a scroll of enchant armour {unknown}
 l - a scroll of magic mapping {unknown}
 o - a scroll of poison {unknown}
 p - 2 scrolls of noise {unknown}
 s - a scroll of identify {unknown}
 u - a scroll of teleportation {unknown}
 v - a scroll of enchant weapon {unknown}
Potions
 d - 2 potions of heal wounds
 i - 6 potions of curing {unknown}
 m - a potion of lignification {unknown}
 q - a potion of flight {unknown}
 x - a potion of might {unknown}


   Skills:
 + Level 2.4 Fighting
 - Level 1.7 Dodging
 + Level 3.1 Stealth
 + Level 3.1 Spellcasting
 + Level 5.3 Necromancy


You had 6 spell levels left.
You knew the following spells:

 Your Spells              Type           Power      Damage    Failure   Level
a - Necrotise             Necr           88%        1d8       1%          1
d - Vampiric Draining     Necr           22%        2d7       5%          3

Your spell library contained the following spells:

 Spells                   Type           Power      Damage    Failure   Level
 Animate Dead             Necr           22%        N/A       19%         4
 Ensorcelled Hibernation  Hex/Ice        4%         N/A       24%         2
 Passwall                 Tmut/Erth      1%         N/A       24%         2
 Swiftness                Air            2%         N/A       43%         3
 Agony                    Necr           22%        N/A       45%         5
 Fireball                 Conj/Fire      1%         3d3       99%         5
 Iskenderun's Battlesphe  Conj           2%         2d6       99%         5
 Conjure Ball Lightning   Conj/Air       1%         3x3d6     100%        6
 Orb of Destruction       Conj           1%         9d5       100%        7


Dungeon Overview and Level Annotations

Branches:
Dungeon (3/15)

Altars:
Uskayaw
Vehumet

Shops:
D:1 [


Innate Abilities, Weirdness & Mutations

You regenerate magic rapidly.
Your muscles are strong. (Str +4, Int/Dex -1)


Message History

The orc priest attacks as you move away!
The orc priest hits you with a +0 mace.
The orc wizard gestures at you while chanting.
The magic dart hits you. The orc wizard misses you. The orc misses you.
The orc priest hits you with a +0 mace.
You hit the worm but do no damage. You drain the worm.
The worm is moderately wounded.
You feel less confused. The worm closely misses you. The orc wizard misses you.
The orc closely misses you.
The orc priest mumbles some strange prayers to Beogh against you.
You barely resist.
Casting: Necrotise (safe; 1% risk of failure)
Confirm with . or Enter, or press ? or * to list all spells.
Aiming: Vampiric Draining (dangerous; 5% risk of failure)
Press: ? - help, Shift-Dir - straight line, f/p - orc wizard
Aim: an orc wizard, wielding a +0 dagger and wearing a +0 robe (severely wounded)
You draw life force from the orc wizard!
You kill the orc wizard!
You feel life coursing into your body. The orc hits you with a +0 hand axe.
The orc priest looks braver for a moment.
Casting: Vampiric Draining (dangerous; 5% risk of failure)
Confirm with . or Enter, or press ? or * to list all spells.
Aiming: Vampiric Draining (dangerous; 5% risk of failure)
Press: ? - help, Shift-Dir - straight line, f - orc priest
Aim: an orc priest, wielding a +0 mace and wearing a +0 ring mail You draw life force from the orc priest!
You feel life coursing into your body. The worm barely misses you.
The orc closely misses you. The orc priest hits you with a +0 mace.
Aiming: Necrotise (safe; 1% risk of failure)
Press: ? - help, Q - select action, (/) - cycle Shift-Dir - straight line, f/p - orc priest
Aim: an orc priest, wielding a +0 mace and wearing a +0 ring mail (heavily wounded, chance to affect: 81%)
The orc priest barely resists.
The orc closely misses you.
The orc priest mumbles some strange prayers to Beogh against you.
Beogh smites you!
* * * LOW HITPOINT WARNING * * *
The worm bites you.
You die...

##.#.# #.#.o..o. ####
##.#'#+#.#.#.... ...#
##.......#.....##.#.####
##.......#.....'.......
...............#......#
....................#.#
......................#
...#...........)w..#
...#............@o.#
..##..####.####.o..#
..##..#.......#....#
..##..#.......#....#
..###.#...†.†.#.#### ###
#..†.._.....#
#.#†......###
###.......# #...†...#


You could see a worm (drained), an orc priest and an orc.

Vanquished Creatures
  An orc priest (D:3)
  Jessica (D:2)
  2 orc wizards (D:3)
  2 adders (D:2)
  A worm (D:2)
  7 orcs (D:3)
  8 ball pythons
  3 endoplasms
  5 giant cockroaches
  3 goblins
  3 hobgoblins
  6 jackals
  7 kobolds
  2 quokkas
  2 bats
  3 frilled lizards
  3 rats (D:2)
59 creatures vanquished.

Vanquished Creatures (collateral kills)
  An orc (D:3)
  A ball python (D:3)
  2 jackals (D:1)
  2 rats (D:1)
6 creatures vanquished.

Grand Total: 65 creatures vanquished

Notes
Turn   | Place    | Note
-------+----------+-------------------------------------------
     0 | D:1      | ThatPearl the Demonspawn Necromancer began the quest for
                  | the Orb.
     0 | D:1      | Reached XP level 1. HP: 13/13 MP: 3/3
   200 | D:1      | Gained mutation: You regenerate magic rapidly. [demonic
                  | ancestry]
   200 | D:1      | Reached XP level 2. HP: 12/20 MP: 3/5
   571 | D:1      | Found Qucwu's Armour Emporium.
   587 | D:1      | Reached skill level 1 in Fighting
   712 | D:1      | Found a faded altar of an unknown god.
   732 | D:1      | Reached XP level 3. HP: 24/26 MP: 1/6
   970 | D:2      | Learned a level 3 spell: Vampiric Draining
  1772 | D:2      | Reached XP level 4. HP: 32/32 MP: 4/7
  1875 | D:2      | Noticed Jessica
  1879 | D:2      | Killed Jessica
  1880 | D:2      | Reached skill level 5 in Necromancy
  1969 | D:3      | Found a radiant altar of Vehumet.
  2233 | D:3      | Reached XP level 5. HP: 11/38 MP: 0/9
  2850 | D:3      | Found a hide-covered altar of Uskayaw.
  2885 | D:3      | Gained mutation: You have a somewhat thin skeletal
                  | structure. (Dex +2, Stealth+) [potion of mutation]
  2885 | D:3      | Gained mutation: Your muscles are strong. (Str +4, Int/Dex
                  | -1) [potion of mutation]
  2885 | D:3      | Lost mutation: You have a somewhat thin skeletal structure.
                  | (Dex +2, Stealth+) [potion of mutation]
  2893 | D:3      | HP: 1/39 [orc priest/divine providence (16)]
  2893 | D:3      | Slain by a worm

Illustrated notes

Levels and vault maps discovered:
D:1:      roderic_octagonal_star, layout_rooms,
          hellmonk_ecumenical_altar_crossroads, serial_shops,
          nicolae_shop_behind_doors
D:2:      layout_loops_corners, uniq_jessica
D:3:      layout_basic, mainiacjoe_overflow_chevrons,
          nicolae_uskayaw_murder_on_the_dancefloor

Skill      XL: |  1  2  3  4 |
---------------+-------------+-----
Stealth        | 2 3 |  3.1
Fighting       | 1 2 |  2.4
Necromancy     | 5 |  5.3
Spellcasting   | 3 |  3.1
Dodging        | |  1.7

Action                   |  1- 3 |  4- 6 || total
-------------------------+-------+-------++-------
Melee: Dagger            |    21 |     9 ||    30
       Whip              |       |    17 ||    17
 Cast: Necrotise         |    72 |    41 ||   113
       Vampiric Draining |       |     5 ||     5
  Use: Potion            |       |     4 ||     4
Armor: Robe              |    11 |     9 ||    20
Dodge: Dodged            |    54 |    44 ||    98
